 Dungeon Crawl Stone Soup version 0.25-a0-251-g572059c536 (webtiles) character file.

Game seed: 8130599742644065803, levelgen mode: deterministic

199 Lanoc the Gusty (level 5, -1/35 HPs)
             Began as a Mummy Air Elementalist on Dec 4, 2019.
             Was an Initiate of Nemelex Xobeh.
             Slain by an ogre
             ... wielding a cursed -3 giant club
              (26 damage)
             ... on level 4 of the Dungeon.
             The game lasted 00:10:25 (3257 turns).

Lanoc the Gusty (Mummy Air Elementalist)            Turns: 3257, Time: 00:10:25

Health: -1/35      AC:  3    Str:  9    XL:     5   Next: 48%
Magic:  9/9        EV: 13    Int: 15    God:    Nemelex Xobeh [......]
Gold:   157        SH:  0    Dex: 12    Spells: 8/9 levels left

rFire    + . .     SeeInvis .   (no weapon)
rCold    + . .     Gourm    .   (no shield)
rNeg     + + +     Faith    .   m - +1 robe {rF+}
rPois    ∞         Spirit   .   f - +0 hat
rElec    .         Reflect  .   (no cloak)
rCorr    .         Harm     .   (no gloves)
MR       .....                  (no boots)
Stlth    ++........             (no amulet)
HPRegen  0.11/turn              h - ring of protection from fire
MPRegen  0.11/turn              k - -3 ring of strength (curse)

@: no status effects
A: no food or potions, fire vulnerability, cold resistance 1, negative energy
resistance 3, torment resistance, unbreathing
a: Draw Escape, Draw Destruction, Draw Summoning, Renounce Religion


You were on level 4 of the Dungeon.
You worshipped Nemelex Xobeh.
Nemelex Xobeh was noncommittal.
You were not hungry.

You visited 1 branch of the dungeon, and saw 4 of its levels.

You collected 157 gold pieces.

Inventory:

Missiles
 c - 62 sling bullets
Armour
 f - a +0 hat (worn)
 m - a +1 robe of fire resistance (worn)
Jewellery
 h - a ring of protection from fire (left hand)
 k - a cursed -3 ring of strength (right hand)
Scrolls
 a - a scroll of enchant weapon {unknown}
 b - a scroll of fear
 d - 2 scrolls of identify {unknown}
 e - a scroll of amnesia {unknown}
 g - a scroll of blinking {unknown}
 i - 3 scrolls of magic mapping {unknown}
 j - 2 scrolls of remove curse {unknown}
 l - a scroll of teleportation {unknown}


   Skills:
 + Level 2.8 Dodging
 - Level 1.5 Stealth
 - Level 2.6 Spellcasting
 + Level 2.4 Conjurations
 * Level 3.4 Air Magic
 + Level 1.5 Invocations


You had 8 spell levels left.
You knew the following spells:

 Your Spells              Type           Power        Failure   Level  Hunger
a - Shock                 Conj/Air       ##..         6%          1    N/A

Your spell library contained the following spells:

 Spells                   Type           Power        Failure   Level  Hunger
 Swiftness                Chrm/Air       #.......     16%         2    N/A
 Static Discharge         Conj/Air       ##......     19%         3    N/A
 Summon Small Mammal      Summ           #...         21%         1    N/A
 Call Imp                 Summ           #.......     30%         2    N/A
 Airstrike                Air            ##........   45%         4    N/A
 Call Canine Familiar     Summ           #.......     52%         3    N/A
 Summon Guardian Golem    Hex/Summ       #.......     52%         3    N/A
 Summon Lightning Spire   Summ/Air       #.......     71%         4    N/A
 Lightning Bolt           Conj/Air       ##........   86%         5    N/A
 Summon Ice Beast         Ice/Summ       #.......     90%         4    N/A

Dungeon Overview and Level Annotations

Branches:
Dungeon (4/15)             Temple (0/1) D:4

Altars:
Cheibriados
Nemelex Xobeh
Uskayaw


Innate Abilities, Weirdness & Mutations

You do not eat or drink.
Your flesh is vulnerable to fire.
You are immune to poison.
Your flesh is cold resistant. (rC+)
You are immune to negative energy. (rN+++)
You are immune to unholy pain and torment.
You can survive without breathing.


Message History

Found 26 stones.
Casting: Shock (safe; 6% risk of failure)
Confirm with . or Enter, or press ? or * to list all spells.
Aiming: Shock (safe; 6% risk of failure)
Press: ? - help, Shift-Dir - straight line, f - ogre
Aim: an ogre, wielding a +0 giant spiked club The zap hits the ogre.
The ogre is lightly wounded.
Found a stone staircase leading down.
An ogre comes into view. It is wielding a -3 giant club.
There is a stone staircase leading up here.
The ogre moves out of view.
The ogre shouts!
The ogre hits you with a +0 giant spiked club!
You draw a card...
You have drawn the Pentagram.
The deck of cards glows slightly and disappears.
The ogre hits you with a cursed -3 giant club!!
Ouch! That really hurt!
You die...
Your body disappears without a glow.

#.#............?....#
..........<...§.....#
#..........##.........
#.#...................
.....#................
.....#....###(..).....
.....$....# #.........
########4..#
#.....###.
#.....@O...# #.......
#.........## #........
#.....h...# #........
########### .......


You could see a chaos spawn, an ogre and a friendly hell hound (wandering).

Vanquished Creatures
  Jessica (D:3)
  2 orc wizards (D:3)
  4 adders
  A dart slug (D:3)
  3 worms
  2 leopard geckos
  9 orcs (D:3)
  7 giant cockroaches
  9 goblins
  5 hobgoblins
  A ball python (D:2)
  5 bats
  5 frilled lizards
  5 kobolds
  7 rats
66 creatures vanquished.

Notes
Turn   | Place    | Note
-------+----------+-------------------------------------------
     0 | D:1      | Lanoc the Mummy Air Elementalist began the quest for the
                  | Orb.
     0 | D:1      | Reached XP level 1. HP: 13/13 MP: 4/4
    59 | D:1      | Reached skill level 1 in Conjurations
   166 | D:1      | Reached XP level 2. HP: 19/19 MP: 2/5
   915 | D:2      | Found a hide-covered altar of Uskayaw.
  1436 | D:2      | Reached XP level 3. HP: 21/24 MP: 0/7
  1503 | D:2      | Found a sparkling altar of Nemelex Xobeh.
  1511 | D:2      | Became a worshipper of Nemelex Xobeh the Trickster
  1614 | D:3      | Reached skill level 3 in Air Magic
  1961 | D:3      | Received a gift from Nemelex Xobeh
  2009 | D:3      | Reached XP level 4. HP: 18/30 MP: 0/8
  2015 | D:3      | HP: 1/30 [orc wizard/+0 flail (5)]
  2018 | D:3      | Reached skill level 1 in Invocations
  2396 | D:3      | Reached XP level 5. HP: 35/35 MP: 1/9
  2410 | D:3      | Noticed Jessica
  2540 | D:3      | Killed Jessica
  2711 | D:3      | Found a snail-covered altar of Cheibriados.
  3229 | D:4      | Found a staircase to the Ecumenical Temple.
  3230 | D:4      | Noticed an ogre
  3245 | D:4      | Noticed an ogre
  3257 | D:4      | Noticed a chaos spawn
  3257 | D:4      | Slain by an ogre

Levels and vault maps discovered:
D:1:      minmay_arrival_four_houses, layout_basic, serial_forest,
          infiniplex_forest_clump_tiny, infiniplex_forest_clump_medium,
          infiniplex_forest_zigzag_1, infiniplex_forest_clump_small,
          infiniplex_forest_clump_medium, infiniplex_forest_lined_3,
          infiniplex_forest_clump_diagonal
D:2:      layout_loops_corners, nemelex_xobeh_ov_fountains_minmay,
          lemuel_crystal_altar
D:3:      kennysheep_the_goblin_king, layout_basic, kennysheep_slug_shrine,
          first_ration, uniq_jessica
D:4:      layout_basic, minmay_temple_entry_purple_smoke, minmay_diced_spiral,
          uniq_sigmund

Skill      XL: |  1  2  3  4 |
---------------+-------------+-----
Conjurations   | 1 2 |  2.4
Dodging        | 2 |  2.8
Air Magic      | 3 |  3.4
Invocations    | 1 |  1.5
Stealth        | |  1.5
Spellcasting   | |  2.6

Action                   |  1- 3 |  4- 6 || total
-------------------------+-------+-------++-------
Melee: Unarmed           |    80 |    21 ||   101
 Cast: Shock             |    91 |    62 ||   153
 Abil: Draw Destruction  |       |     2 ||     2
       Draw Summoning    |       |     1 ||     1
  Use: Scroll            |       |     1 ||     1
 Stab: Sleeping          |     3 |       ||     3
Armor: Robe              |    27 |    11 ||    38
Dodge: Dodged            |    80 |    24 ||   104

Table legend:
 A = Non-vault XP
 B = Vault XP
 C = Vault XP percentage of total XP
 D = Non-vault monster count
 E = Vault monster count
 F = Vault count percentage of total count
                 A         B        C        D         E       F
            +---------+---------+-------+---------+---------+-------
      Total |     231 |      54 |  18.9 |      57 |       9 |  13.6
            +---------+---------+-------+---------+---------+-------
        D:1 |      32 |       0 |   0.0 |      22 |       0 |   0.0
        D:2 |      42 |       0 |   0.0 |      11 |       0 |   0.0
        D:3 |     157 |      54 |  25.6 |      24 |       9 |  27.3
            +---------+---------+-------+---------+---------+-------
